 Dungeon Crawl Stone Soup version 0.31-a0-339-gda1cbd555d (webtiles) character file.

Game seed: 6567603722240306878

108251 IndexError the Thaumaturge (level 16, -1/125 HPs)
             Began as a Gnoll Earth Elementalist on July 19, 2023.
             Was a High Priest of Vehumet.
             Killed from afar by Nikola (30 damage)
             ... with an arc of chain lightning
             ... on level 1 of the Swamp on July 20, 2023.
             The game lasted 01:14:46 (26522 turns).

IndexError the Thaumaturge (GnEE)                  Turns: 26522, Time: 01:14:46

Health: -1/125     AC: 19    Str: 10    XL:     16   Next: 49%
Magic:  14/41      EV: 16    Int: 20    God:    Vehumet [*****.]
Gold:   3124       SH:  9    Dex: 13    Spells: 6/39 levels left

rFire   + + +        t - staff of Debt {rElec rF+ rC- Int-5 SInv Fire}
rCold   + . .        v - +2 buckler {rC+}
rNeg    . . .        A - +5 leather armour of Negation {Int+5}
rPois   +            Q - +2 hat {Will+}
rElec   +            G - +2 cloak
rCorr   .            h - +1 pair of gloves
SInv    +            y - +0 pair of boots of Jyesch {rF++}
Will    ++...        F - amulet of regeneration {+regen, !d}
Stlth   +++++        a - ring of Varhean {rC+ MP+9}
HPRegen 1.20/turn    x - ring of poison resistance {rPois, !d}
MPRegen 0.27/turn

%: no passive effects
@: no status effects
A: fangs 1, strong nose, distributed training, inability to read after injury 1
a: Renounce Religion


You were on level 1 of the Swamp.
You worshipped Vehumet.
Vehumet was extremely pleased with you.
You visited 5 branches of the dungeon, and saw 24 of its levels.
You also visited: Bailey and Ice Cave.

You collected 3190 gold pieces.
You spent 66 gold pieces at shops.

Inventory:

Missiles
 d - 10 throwing nets {=f, !d}
 p - 14 boomerangs
 R - 2 curare-tipped darts
 U - 7 javelins
Armour
 h - a +1 pair of gloves (worn)
   (You found it on level 1 of the Dungeon)
 v - a +2 buckler of cold resistance (worn)
   (You found it in an ice cave)
 y - the +0 pair of boots of Jyesch (worn) {rF++}
   (You found it on level 3 of the Dungeon)

   rF:        It greatly protects you from fire.
 A - the +5 leather armour of Negation (worn) {Int+5}
   (You found it on level 4 of the Dungeon)

   Int:       It affects your intelligence (+5).
 G - a +2 cloak (worn)
   (You found it on level 6 of the Dungeon)
 Q - a +2 hat of willpower (worn)
   (You found it on level 8 of the Dungeon)
 Z - a scarf of repulsion
   (You found it on level 4 of the Lair of Beasts)
Magical Staves
 t - the staff of Debt (weapon) {rElec rF+ rC- Int-5 SInv Fire}
   (You found it on level 5 of the Lair of Beasts)

   [staff of fire]

   Base accuracy: +5 Base damage: 5 Base attack delay: 1.2 This weapon's minimum
   attack delay (0.6) is reached at skill level 12.
   Int:       It affects your intelligence (-5).
   rF:        It protects you from fire.
   rC:        It makes you vulnerable to cold.
   rElec:     It insulates you from electricity.
   SInv:      It lets you see invisible.
   Fire:      It increases the power of your Fire spells.
   It falls into the 'Staves' category.
   It is a one-handed weapon.
 z - the staff of the Endless Expanse {Dex+5 Conj}
   (You found it on level 3 of the Dungeon)

   [staff of conjuration]

   Base accuracy: +5 Base damage: 5 Base attack delay: 1.2 This weapon's minimum
   attack delay (0.6) is reached at skill level 12.
   Dex:       It affects your dexterity (+5).
   Conj:      It increases the power of your Conjurations spells.
   It falls into the 'Staves' category.
   It is a one-handed weapon.
Jewellery
 a - the ring of Varhean (left hand) {rC+ MP+9}
   (You found it on level 4 of the Lair of Beasts)

   [ring of magical power]

   rC:        It protects you from cold.
   MP:        It affects your magic capacity (+9).
 b - a +5 ring of evasion
   (You found it on level 15 of the Dungeon)
 e - a ring of positive energy {rN+}
   (You found it on level 1 of the Dungeon)
 x - a ring of poison resistance (right hand) {rPois, !d}
   (You found it on level 13 of the Dungeon)
 E - a +4 ring of protection
   (You found it on level 5 of the Dungeon)
 F - an amulet of regeneration (around neck) {+regen, !d}
   (You found it on level 6 of the Dungeon)
 S - a ring of protection from cold {rC+, !d}
   (You took it off a gnoll bouda in a bailey)
 V - a ring of see invisible {sInv, !d}
   (You found it on level 2 of the Lair of Beasts)
Wands
 f - a wand of digging (11)
   (You found it on level 4 of the Dungeon)
 o - a wand of acid (6)
   (You found it on level 4 of the Lair of Beasts)
 H - a wand of polymorph (15)
   (You took it off Pikel on level 6 of the Dungeon)
 J - a wand of roots (8)
   (You found it on level 12 of the Dungeon)
 L - a wand of paralysis (19)
   (You found it on level 7 of the Dungeon)
 N - a wand of flame (41)
   (You took it off a centaur on level 8 of the Dungeon)
Scrolls
 c - 3 scrolls of immolation {!r}
 r - 2 scrolls of butterflies
 s - 7 scrolls of amnesia
 u - 6 scrolls of fog
 w - 8 scrolls of teleportation
 D - 2 scrolls of torment {!r}
 K - 3 scrolls of poison {!r}
 M - 3 scrolls of revelation
 O - 2 scrolls of enchant weapon
 T - 2 scrolls of fear
 Y - 2 scrolls of blinking {!r}
Potions
 g - 4 potions of resistance
 i - 2 potions of might
 j - 3 potions of invisibility
 k - 4 potions of cancellation
 l - 6 potions of heal wounds
 m - 15 potions of curing
 n - 3 potions of haste
 q - 6 potions of lignification {!q}
 B - a potion of mutation {!q}
 C - 4 potions of brilliance
 I - 6 potions of attraction {unknown}
 W - a potion of ambrosia
Miscellaneous
 X - a phantom mirror
   (You found it on level 3 of the Lair of Beasts)


   Skills:
 + Level 11.1 Fighting
 + Level 11.1 Short Blades
 + Level 11.1 Long Blades
 + Level 11.1 Axes
 + Level 11.1 Maces & Flails
 + Level 11.1 Polearms
 + Level 11.1 Staves
 + Level 11.1 Ranged Weapons
 + Level 11.1 Throwing
 + Level 11.1 Armour
 + Level 12.0 Dodging
 + Level 11.9 Stealth
 + Level 11.1 Shields
 + Level 11.1 Unarmed Combat
 + Level 12.1 Spellcasting
 + Level 9.4 Conjurations
 + Level 9.4 Hexes
 + Level 9.4 Summonings
 + Level 9.4 Necromancy
 + Level 9.4 Translocations
 + Level 9.6 Transmutations
 + Level 9.4 Fire Magic
 + Level 9.4 Ice Magic
 + Level 9.4 Air Magic
 + Level 10.8 Earth Magic
 + Level 9.4 Poison Magic
 + Level 12.1 Invocations
 + Level 11.1 Evocations
 + Level 9.4 Shapeshifting


You had 6 spell levels left.
You knew the following spells:

 Your Spells              Type           Power      Damage    Failure   Level
a - Sandblast             Erth           100%       2d20      1%          1
b - Blink                 Tloc           98%        N/A       1%          2
c - Shock                 Conj/Air       100%       1d9       1%          1
d - Airstrike             Air            24%        2d(4-20)  1%          4
e - Irradiate             Conj/Tmut      25%        3d20      1%          5
f - Leda's Unmaking       Conj/Erth      25%        9d5       6%          6
g - Iskenderun's Mystic   Conj/Tloc      49%        2d11      1%          4
h - Freezing Cloud        Conj/Ice/Air   24%        6-21      1%          5
w - Passwall              Tmut/Erth      43%        N/A       1%          2
x - Stone Arrow           Conj/Erth      100%       3d13      1%          3

Your spell library contained the following spells:

 Spells                   Type           Power      Damage    Failure   Level
 Iskenderun's Battlesphe  Conj           49%        2d10      1%          5
 Slow                     Hex            100%       N/A       1%          1
 Summon Small Mammal      Summ           100%       N/A       1%          1
 Wereblood                Tmut           50%        N/A       1%          2
 Call Canine Familiar     Summ           49%        N/A       1%          3
 Confusing Touch          Hex            49%        N/A       1%          3
 Frozen Ramparts          Ice            98%        1d15      1%          3
 Gell's Gravitas          Tloc           49%        N/A       1%          3
 Hailstorm                Conj/Ice       49%        3d11      1%          3
 Ignite Poison            Fire/Tmut/Pois 66%        N/A       1%          3
 Inner Flame              Hex/Fire       65%        N/A       1%          3
 Summon Guardian Golem    Hex/Summ       49%        N/A       1%          3
 Teleport Other           Tloc           49%        N/A       1%          3
 Vampiric Draining        Necr           49%        2d9       1%          3
 Flame Wave               Conj/Fire      65%        2d15      1%          4
 Manifold Assault         Tloc           49%        N/A       1%          4
 Petrify                  Tmut/Erth      52%        N/A       1%          4
 Sticky Flame             Conj/Fire      65%        2d8       1%          4
 Summon Ice Beast         Ice/Summ       49%        N/A       1%          4
 Metabolic Englaciation   Hex/Ice        24%        N/A       5%          5
 Summon Forest            Summ/Tloc      24%        N/A       5%          5
 Eringya's Noxious Bog    Tmut/Pois      25%        4d6       8%          6
 Dispersal                Tloc           24%        N/A       28%         6
 Simulacrum               Ice/Necr       24%        N/A       28%         6
 Summon Hydra             Summ           24%        N/A       85%         7
 Ignition                 Fire           32%        3d10      95%         8
 Disjunction              Tloc           24%        N/A       100%        8


Dungeon Overview and Level Annotations

Branches:
Dungeon (15/15)            Temple (1/1) D:7            Lair (5/5) D:8
  Swamp (1/4) Lair:3        Snake (0/4) Lair:2        Slime (0/5) Lair:5
    Orc (2/2) D:9             Elf (0/3) Orc:2        Vaults (0/5) D:14
 Depths (0/4) D:15         Bailey (visited)           IceCv (visited)

Altars:
Ashenzari
Cheibriados
Dithmenos
Elyvilon
Fedhas
Gozag
Hepliaklqana
Kikubaaqudgha
Makhleb
Nemelex Xobeh
Okawaru
Qazlal
Ru
Sif Muna
Trog
Uskayaw
Vehumet
Wu Jian
Xom
Yredelemnul
Zin
The Shining One
Jiyva

Shops:
D:5 *=*   D:7 !   Orc:1 ((   Orc:2 [=?*

Annotations:
D:8 6 runed translucent doors
Swamp:1 Nikola


Innate Abilities, Weirdness & Mutations

You have very sharp teeth.
Your uncanny sense of smell can sniff out nearby items.
Your experience applies equally to all skills.
You occasionally lose the ability to read scrolls when taking damage.


Message History

You now have 40/41 mp.
The blast of sand hits the tyrant leech.
The blast of sand hits the tyrant leech!!
The tyrant leech misses you.
You now have 39/41 mp.
The blast of sand hits the tyrant leech!
Vehumet accepts your kill.
You feel your power returning.
You enter the shallow water.
Moving in this stuff is going to be slow.
You enter the shallow water.
Moving in this stuff is going to be slow.
Nikola the Mad Inventor comes into view.
He is wielding a +2 rapier of electrocution.
Nikola shouts!
Nikola gestures wildly while chanting.
Lightning arcs from Nikola's hands!
The bolt of lightning hits you!!
You hear an angry buzzing noise. x2; You hear a roar! x2
You take 28 damage, and have 97/125 hp.
MASSIVE DAMAGE!!
MP restored: 41 You regained 2 hp, and now have 99/125 hp.
You regained 2 hp, and now have 103/125 hp.
You regained 2 hp, and now have 109/125 hp.
There is a staircase back to the Lair here.
You climb upwards.
Welcome back to the Lair of Beasts!
There is a staircase to the Swamp here.
You regained 3 hp, and now have 116/125 hp.
Search for what [? for help]? relec Unknown command.
You feel stupid.
t - the staff of Debt (weapon)
{rElec rF+ rC- Int-5 SInv Fire} HP restored.
Done exploring.
Health restored: 125 You climb downwards.
Welcome back to the Swamp!
This branch is noisy: sounds don't travel as far here.
This branch contains the decaying rune of Zot.
Level annotation: Nikola
There is a staircase back to the Lair here.
You can't see any susceptible monsters within range! (Use Z to cast anyway.)
Casting: Sandblast (safe; 1% risk of failure)
Confirm with . or Enter, or press ? or * to list all spells.
You can't see any susceptible monsters within range! (Use Z to cast anyway.) Unknown command.
Casting: Sandblast (safe; 1% risk of failure)
Confirm with . or Enter, or press ? or * to list all spells.
Aiming: Freezing Cloud (mildly dangerous; 1% risk of failure)
Press: ? - help, Dir - move target You now have 36/41 mp.
Nikola casts a spell.
Lightning arcs from Nikola's hands!
The bolt of lightning hits you!! You resist.
You hear an angry buzzing noise.
You hear a roar!
You take 25 damage, and have 100/125 hp.
No reachable target in view!
No reachable target in view!
Casting: Freezing Cloud (mildly dangerous; 1% risk of failure)
Confirm with . or Enter, or press ? or * to list all spells.
Aiming: Leda's Unmaking (dangerous; 6% risk of failure)
Press: ? - help, Shift-Dir - straight line, f - Nikola
Aim: Nikola, wielding a +2 rapier of electrocution, wearing a +0 cloak and wearing a +0 pair of gloves (freezing vapour, 75% to hit)
The entropic shot hits Nikola!!
Nikola is engulfed in freezing vapours.
Nikola says, "You don't look like a good insulator."
You now have 31/41 mp.
Casting: Leda's Unmaking (dangerous; 6% risk of failure)
Confirm with . or Enter, or press ? or * to list all spells.
Aiming: Leda's Unmaking (dangerous; 6% risk of failure)
Press: ? - help, Shift-Dir - straight line, f/p - Nikola
Aim: Nikola, wielding a +2 rapier of electrocution, wearing a +0 cloak and wearing a +0 pair of gloves (freezing vapour, lightly wounded, 75% to hit)
The entropic shot misses Nikola.
Nikola is engulfed in freezing vapours.
Nikola gestures wildly while chanting.
Lightning arcs from Nikola's hands!
The bolt of lightning hits you!!! You resist.
Ouch! That really hurt!
A bolt of lightning appears from out of thin air!
The bolt of lightning hits Nikola!
You hear an angry buzzing noise.
You hear a roar!
Casting: Leda's Unmaking (dangerous; 6% risk of failure)
Confirm with . or Enter, or press ? or * to list all spells.
Aiming: Leda's Unmaking (dangerous; 6% risk of failure)
Press: ? - help, Shift-Dir - straight line, f/p - Nikola
Aim: Nikola, wielding a +2 rapier of electrocution, wearing a +0 cloak and wearing a +0 pair of gloves (freezing vapour, moderately wounded, 75% to hit)
The entropic shot hits Nikola!!
A vampire mosquito comes into view.
Nikola is engulfed in freezing vapours.
Nikola gestures at you while chanting. The bolt of lightning hits you!
You resist.
* * * LOW HITPOINT WARNING * * *
You take 75 damage, and have 28/125 hp.
MASSIVE DAMAGE!!
You now have 20/41 mp.
Casting: Leda's Unmaking (dangerous; 6% risk of failure)
Confirm with . or Enter, or press ? or * to list all spells.
Aiming: Leda's Unmaking (dangerous; 6% risk of failure)
Press: ? - help, Shift-Dir - straight line, f/p - Nikola
Aim: Nikola, wielding a +2 rapier of electrocution, wearing a +0 cloak and wearing a +0 pair of gloves (freezing vapour, heavily wounded, 75% to hit)
The entropic shot hits Nikola!!
A vampire mosquito comes into view.
Nikola is engulfed in freezing vapours.
Nikola casts a spell.
Lightning arcs from Nikola's hands!
The bolt of lightning hits you!! You resist.
You die...

#### #..~..~~~~~§.
∆.... +....~~~~~~~.♣
#....#......~~~~~.♣
#..÷.#.....~~~~~~.♣
#....y..~.~~~~~...
.÷....♣§....~~~~.♣
#####♣♣<~~~.~~~~.♣
..y.....~~§.~~~..♣
...~§~~@.~~~....~♣♣
..~..~§○§.~~.....~♣
.~♣♣.~§@☼...~~..~♣♣
. ~~ ♣.~§§§..~~~~..♣
.~ ♣~
♣§~~~.~....♣♣♣♣ ...
♣♣~ ♣♣...~♣♣~~♣♣
.[..♣..♣♣~..~♣♣♣♣♣~♣
.......~♣.~.♣♣♣ .>~∆
.~§.~.~♣~.~...♣ .~~~


You could see Nikola and 2 vampire mosquitoes.

Vanquished Creatures
  Rupert (D:15)
  Gastronok (Lair:2)
  Agnes (D:14)
  Louise (D:15)
  An orc warlord (Orc:1)
  A reaper (IceCv)
  A great orb of eyes (D:13)
  2 hydras
  2 ogre magi (Orc:2)
  4 vault guards (D:14)
  3 catoblepae (Lair:5)
  A ghost crab (Lair:3)
  6 centaur warriors
  A death knight (D:10)
  12 two-headed ogres
  4 boulder beetles
  7 death yaks
  Urug (Lair:1)
  A deep elf knight (D:14)
  2 skysharks
  12 skeletal warriors
  A goliath frog (Swamp:1)
  2 deep trolls (Orc:2)
  A golden dragon zombie (D:15)
  A harpy (shapeshifter) (D:15)
  A wizard (D:14)
  A bog body (Swamp:1)
  A necromancer (D:15)
  A phantasmal warrior (D:15)
  Pikel (D:6)
  An orc knight (D:14)
  3 orc sorcerers
  A stone giant zombie (D:15)
  A wolf spider (D:13)
  4 cyclopes
  A frost giant zombie (D:15)
  6 ugly things
  2 deep elf pyromancers
  4 elephants (Lair:4)
  8 manticores
  6 black mambas
  A frost giant skeleton (D:15)
  9 cane toads
  2 torpor snails (Lair:3)
  4 gargoyles
  An efreet (D:13)
  2 freezing wraiths
  3 kobold demonologists (D:12)
  2 unseen horrors
  8 rime drakes
  A komodo dragon (shapeshifter) (D:13)
  5 komodo dragons
  An anaconda simulacrum (IceCv)
  2 yaktaurs
  13 trolls
  3 meliai (D:14)
  4 polar bears
  A tyrant leech (Swamp:1)
  A hornet (D:10)
  10 dream sheep
  14 blink frogs
  2 vampires
  A spectral black mamba (Lair:3)
  A jumping spider (D:8)
  2 wraiths
  55 yaks
  10 slime creatures
  A shadow (D:9)
  5 wyverns
  Eustachio (D:5)
  7 basilisks
  5 steam dragons
  A human (shapeshifter) (D:13)
  A death yak simulacrum (IceCv)
  2 redbacks (D:8)
  Menkaure (D:7)
  3 vampire mosquitoes (D:13)
  2 nagas (Lair:2)
  7 wargs
  2 harpy simulacra (IceCv)
  16 water moccasins
  Duvessa (D:6)
  26 orc warriors
  2 ice beasts
  A sky beast (D:6)
  A spectral blink frog (Lair:3)
  A black bear (D:5)
  26 ogres
  20 wolves
  6 centaurs
  A phantom (D:6)
  4 kobold brigands
  13 bullfrogs
  8 gnoll sergeants (Bailey)
  5 two-headed ogre simulacra (IceCv)
  3 cane toad simulacra (IceCv)
  2 scorpions (D:5)
  3 wights (D:8)
  Dowan (D:6)
  17 killer bees
  2 elephant simulacra (IceCv)
  3 howler monkeys
  2 electric eels (Lair:2)
  5 hounds
  10 orc priests
  Crazy Yiuf (D:6)
  7 gnoll boudas (Bailey)
  A jelly (D:7)
  A sleepcap (D:6)
  3 iguanas
  19 orc wizards
  8 troll simulacra (IceCv)
  2 wolf simulacra (IceCv)
  7 spriggan simulacra (IceCv)
  A polar bear simulacrum (IceCv)
  25 gnolls
  16 adders
  4 naga simulacra (IceCv)
  A shadow imp (D:7)
  6 white imps (IceCv)
  8 ufetubi (IceCv)
  A worm (D:2)
  A dart slug (D:5)
  62 orcs
  3 ball pythons (D:1)
  10 endoplasms
  9 goblins
  12 hobgoblins
  3 jackals (D:2)
  4 quokkas
  4 bats
  4 frilled lizards
  28 kobolds
  3 rats (D:1)
741 creatures vanquished.

Notes
Turn   | Place    | Note
-------+----------+-------------------------------------------
     0 | D:1      | IndexError the Gnoll Earth Elementalist began the quest for
                  | the Orb.
     0 | D:1      | Reached XP level 1. HP: 13/13 MP: 6/6
   129 | D:1      | Reached skill level 2 in Transmutations
   169 | D:1      | Reached XP level 2. HP: 19/19 MP: 5/7
   471 | D:1      | Reached XP level 3. HP: 25/25 MP: 7/9
   590 | D:1      | Learned a level 2 spell: Passwall
   633 | D:2      | Reached skill level 5 in Spellcasting
   898 | D:2      | Reached skill level 1 in Invocations
  1006 | D:2      | Reached skill level 1 in Fighting
  1006 | D:2      | Reached skill level 1 in Short Blades
  1006 | D:2      | Reached skill level 1 in Long Blades
  1006 | D:2      | Reached skill level 1 in Axes
  1006 | D:2      | Reached skill level 1 in Maces & Flails
  1006 | D:2      | Reached skill level 1 in Polearms
  1006 | D:2      | Reached skill level 1 in Staves
  1006 | D:2      | Reached skill level 1 in Ranged Weapons
  1006 | D:2      | Reached skill level 1 in Throwing
  1006 | D:2      | Reached skill level 1 in Armour
  1006 | D:2      | Reached skill level 1 in Shields
  1006 | D:2      | Reached skill level 1 in Unarmed Combat
  1006 | D:2      | Reached skill level 1 in Evocations
  1401 | D:3      | Found an ornate altar of the Wu Jian Council.
  1487 | D:3      | Reached XP level 4. HP: 32/32 MP: 7/11
  1558 | D:3      | Found a hazy altar of Hepliaklqana.
  1742 | D:3      | Reached skill level 1 in Conjurations
  1742 | D:3      | Reached skill level 1 in Hexes
  1742 | D:3      | Reached skill level 1 in Summonings
  1742 | D:3      | Reached skill level 1 in Necromancy
  1742 | D:3      | Reached skill level 1 in Translocations
  1742 | D:3      | Reached skill level 1 in Fire Magic
  1742 | D:3      | Reached skill level 1 in Ice Magic
  1742 | D:3      | Reached skill level 1 in Air Magic
  1742 | D:3      | Reached skill level 1 in Poison Magic
  1742 | D:3      | Reached skill level 1 in Shapeshifting
  1774 | D:3      | Identified the +0 pair of boots of Jyesch {rF++}
  1785 | D:3      | Found a radiant altar of Vehumet.
  1806 | D:3      | Found a broken altar of Ashenzari.
  1817 | D:3      | Identified the staff of the Endless Expanse {Dex+5 Conj}
  1833 | D:3      | Became a worshipper of Vehumet
  2021 | D:3      | Found a faded altar of an unknown god.
  2115 | D:4      | Noticed a water elemental
  2118 | D:4      | Found a stormy altar of Qazlal.
  2120 | D:4      | Noticed a fire elemental
  2121 | D:4      | Noticed an earth elemental
  2121 | D:4      | Noticed an air elemental
  2349 | D:4      | Reached XP level 5. HP: 37/37 MP: 9/12
  2596 | D:4      | Identified the +5 leather armour of Negation {Int+5}
  2820 | D:4      | Reached skill level 2 in Invocations
  2820 | D:4      | Reached XP level 6. HP: 40/44 MP: 8/13
  2936 | D:4      | Found a sparkling altar of Nemelex Xobeh.
  3052 | D:4      | Learned a level 3 spell: Stone Arrow
  3055 | D:4      | Learned a level 2 spell: Blink
  3062 | D:5      | Entered Level 5 of the Dungeon
  3169 | D:5      | Found Olotim's General Store.
  3169 | D:5      | Found Xazon Ypro's Jewellery Shop.
  3169 | D:5      | Found Qesuf's General Store.
  3239 | D:5      | Noticed a black bear
  3242 | D:5      | Killed a black bear
  3243 | D:5      | Reached skill level 2 in Fighting
  3243 | D:5      | Reached skill level 2 in Short Blades
  3243 | D:5      | Reached skill level 2 in Long Blades
  3243 | D:5      | Reached skill level 2 in Axes
  3243 | D:5      | Reached skill level 2 in Maces & Flails
  3243 | D:5      | Reached skill level 2 in Polearms
  3243 | D:5      | Reached skill level 2 in Staves
  3243 | D:5      | Reached skill level 2 in Ranged Weapons
  3243 | D:5      | Reached skill level 2 in Throwing
  3243 | D:5      | Reached skill level 2 in Armour
  3243 | D:5      | Reached skill level 5 in Dodging
  3243 | D:5      | Reached skill level 2 in Shields
  3243 | D:5      | Reached skill level 2 in Unarmed Combat
  3243 | D:5      | Reached skill level 2 in Evocations
  3294 | D:5      | Reached XP level 7. HP: 48/50 MP: 11/15
  3360 | D:5      | Reached skill level 2 in Conjurations
  3360 | D:5      | Reached skill level 2 in Hexes
  3360 | D:5      | Reached skill level 2 in Summonings
  3360 | D:5      | Reached skill level 2 in Necromancy
  3360 | D:5      | Reached skill level 2 in Translocations
  3360 | D:5      | Reached skill level 2 in Fire Magic
  3360 | D:5      | Reached skill level 2 in Ice Magic
  3360 | D:5      | Reached skill level 2 in Air Magic
  3360 | D:5      | Reached skill level 2 in Poison Magic
  3360 | D:5      | Reached skill level 2 in Shapeshifting
  3378 | D:5      | Reached skill level 3 in Transmutations
  3531 | D:5      | Reached skill level 5 in Stealth
  3618 | D:5      | Noticed Eustachio
  3678 | D:5      | Reached skill level 3 in Invocations
  3809 | D:5      | Reached skill level 6 in Earth Magic
  3867 | D:5      | Reached XP level 8. HP: 57/57 MP: 14/16
  4434 | D:6      | Found a shimmering blue altar of Sif Muna.
  4438 | D:6      | Reached skill level 3 in Fighting
  4438 | D:6      | Reached skill level 3 in Short Blades
  4438 | D:6      | Reached skill level 3 in Long Blades
  4438 | D:6      | Reached skill level 3 in Axes
  4438 | D:6      | Reached skill level 3 in Maces & Flails
  4438 | D:6      | Reached skill level 3 in Polearms
  4438 | D:6      | Reached skill level 3 in Staves
  4438 | D:6      | Reached skill level 3 in Ranged Weapons
  4438 | D:6      | Reached skill level 3 in Throwing
  4438 | D:6      | Reached skill level 3 in Armour
  4438 | D:6      | Reached skill level 3 in Shields
  4438 | D:6      | Reached skill level 3 in Unarmed Combat
  4438 | D:6      | Reached skill level 3 in Evocations
  4480 | D:6      | Reached skill level 6 in Spellcasting
  4528 | D:6      | Noticed Pikel
  4535 | D:6      | Killed Pikel
  4536 | D:6      | Reached skill level 3 in Conjurations
  4536 | D:6      | Reached skill level 3 in Hexes
  4536 | D:6      | Reached skill level 3 in Summonings
  4536 | D:6      | Reached skill level 3 in Necromancy
  4536 | D:6      | Reached skill level 3 in Translocations
  4536 | D:6      | Reached skill level 3 in Fire Magic
  4536 | D:6      | Reached skill level 3 in Ice Magic
  4536 | D:6      | Reached skill level 3 in Air Magic
  4536 | D:6      | Reached skill level 3 in Poison Magic
  4536 | D:6      | Reached skill level 4 in Invocations
  4536 | D:6      | Reached skill level 3 in Shapeshifting
  4622 | D:6      | Reached skill level 6 in Dodging
  4711 | D:6      | Reached XP level 9. HP: 65/65 MP: 15/18
  4810 | D:6      | Noticed Duvessa
  4811 | D:6      | Reached * piety under Vehumet
  4811 | D:6      | Offered knowledge of Shock by Vehumet.
  4814 | D:6      | Noticed Dowan
  4815 | D:6      | Reached skill level 4 in Fighting
  4815 | D:6      | Reached skill level 4 in Short Blades
  4815 | D:6      | Reached skill level 4 in Long Blades
  4815 | D:6      | Reached skill level 4 in Axes
  4815 | D:6      | Reached skill level 4 in Maces & Flails
  4815 | D:6      | Reached skill level 4 in Polearms
  4815 | D:6      | Reached skill level 4 in Staves
  4815 | D:6      | Reached skill level 4 in Ranged Weapons
  4815 | D:6      | Reached skill level 4 in Throwing
  4815 | D:6      | Reached skill level 4 in Armour
  4815 | D:6      | Reached skill level 4 in Shields
  4815 | D:6      | Reached skill level 4 in Unarmed Combat
  4815 | D:6      | Reached skill level 4 in Transmutations
  4815 | D:6      | Reached skill level 4 in Evocations
  4822 | D:6      | Killed Duvessa
  4824 | D:6      | Killed Dowan
  4825 | D:6      | Reached skill level 6 in Stealth
  5253 | D:6      | Found a runed translucent door.
  5254 | D:6      | Noticed Crazy Yiuf
  5483 | D:6      | Killed Crazy Yiuf
  5725 | D:7      | Reached skill level 5 in Invocations
  5957 | D:7      | Noticed Menkaure
  5964 | D:7      | Killed Menkaure
  5993 | D:7      | Reached skill level 7 in Spellcasting
  6060 | D:7      | Reached skill level 4 in Conjurations
  6060 | D:7      | Reached skill level 4 in Hexes
  6060 | D:7      | Reached skill level 4 in Summonings
  6060 | D:7      | Reached skill level 4 in Necromancy
  6060 | D:7      | Reached skill level 4 in Translocations
  6060 | D:7      | Reached skill level 4 in Fire Magic
  6060 | D:7      | Reached skill level 4 in Ice Magic
  6060 | D:7      | Reached skill level 4 in Air Magic
  6060 | D:7      | Reached skill level 4 in Poison Magic
  6060 | D:7      | Reached skill level 4 in Shapeshifting
  6252 | D:7      | Reached XP level 10. HP: 73/73 MP: 17/20
  6316 | D:7      | Found Haamepn's Distillery.
  6414 | D:7      | Found a staircase to the Ecumenical Temple.
  6685 | D:8      | Reached skill level 5 in Fighting
  6685 | D:8      | Reached skill level 5 in Short Blades
  6685 | D:8      | Reached skill level 5 in Long Blades
  6685 | D:8      | Reached skill level 5 in Axes
  6685 | D:8      | Reached skill level 5 in Maces & Flails
  6685 | D:8      | Reached skill level 5 in Polearms
  6685 | D:8      | Reached skill level 5 in Staves
  6685 | D:8      | Reached skill level 5 in Ranged Weapons
  6685 | D:8      | Reached skill level 5 in Throwing
  6685 | D:8      | Reached skill level 5 in Armour
  6685 | D:8      | Reached skill level 5 in Shields
  6685 | D:8      | Reached skill level 5 in Unarmed Combat
  6685 | D:8      | Reached skill level 5 in Evocations
  6707 | D:8      | Reached skill level 7 in Earth Magic
  6944 | D:8      | Found a staircase to the Lair.
  6978 | D:8      | Found a runed translucent door.
  7026 | Temple   | Entered the Ecumenical Temple
  7345 | D:5      | Killed Eustachio
  7346 | D:5      | Reached skill level 7 in Dodging
  7499 | D:8      | Reached ** piety under Vehumet
  7521 | D:8      | Learned a level 1 spell: Shock
  7524 | D:8      | Offered knowledge of Freeze by Vehumet.
  7780 | D:8      | Identified the +1 whip of Gozag's Indignation {holy, rF+
                  | Int+3 Dex+3}
  7805 | D:8      | Found a runed translucent gate.
  7805 | D:8      | Found a runed translucent gate.
  7805 | D:8      | Found a runed translucent gate.
  7805 | D:8      | Found a runed translucent gate.
  7805 | D:8      | Found a runed translucent gate.
  7805 | D:8      | Noticed a boulder beetle
  7805 | D:8      | Noticed a lindwurm
  7808 | D:8      | Reached skill level 5 in Transmutations
  7808 | D:8      | Found a runed translucent gate.
  7903 | D:9      | Found a flagged portal.
  7921 | D:9      | Reached skill level 6 in Invocations
  7936 | Bailey   | Entered a bailey
  7982 | Bailey   | Reached skill level 7 in Stealth
  8051 | Bailey   | Offered knowledge of Frozen Ramparts by Vehumet.
  8272 | Bailey   | Reached *** piety under Vehumet
  8873 | D:9      | Offered knowledge of Airstrike by Vehumet.
  9231 | D:9      | Reached XP level 11. HP: 81/81 MP: 20/22
  9240 | D:9      | Reached skill level 6 in Fighting
  9240 | D:9      | Reached skill level 6 in Short Blades
  9240 | D:9      | Reached skill level 6 in Long Blades
  9240 | D:9      | Reached skill level 6 in Axes
  9240 | D:9      | Reached skill level 6 in Maces & Flails
  9240 | D:9      | Reached skill level 6 in Polearms
  9240 | D:9      | Reached skill level 6 in Staves
  9240 | D:9      | Reached skill level 6 in Ranged Weapons
  9240 | D:9      | Reached skill level 6 in Throwing
  9240 | D:9      | Reached skill level 6 in Armour
  9240 | D:9      | Reached skill level 6 in Shields
  9240 | D:9      | Reached skill level 6 in Unarmed Combat
  9240 | D:9      | Reached skill level 6 in Evocations
  9249 | D:9      | Found a staircase to the Orcish Mines.
  9264 | D:9      | Reached skill level 5 in Conjurations
  9264 | D:9      | Reached skill level 5 in Hexes
  9264 | D:9      | Reached skill level 5 in Summonings
  9264 | D:9      | Reached skill level 5 in Necromancy
  9264 | D:9      | Reached skill level 5 in Translocations
  9264 | D:9      | Reached skill level 5 in Fire Magic
  9264 | D:9      | Reached skill level 5 in Ice Magic
  9264 | D:9      | Reached skill level 5 in Air Magic
  9264 | D:9      | Reached skill level 5 in Poison Magic
  9264 | D:9      | Reached skill level 5 in Shapeshifting
  9272 | D:9      | Reached skill level 8 in Spellcasting
  9462 | D:9      | Reached **** piety under Vehumet
  9686 | Lair:1   | Entered Level 1 of the Lair of Beasts
  9692 | Lair:1   | Learned a level 4 spell: Airstrike
  9698 | Lair:1   | Learned a level 5 spell: Irradiate
  9703 | Lair:1   | Learned a level 4 spell: Manifold Assault
  9730 | Lair:1   | Found a frozen archway.
  9743 | IceCv    | Entered an ice cave
  9744 | IceCv    | Offered knowledge of Lee's Rapid Deconstruction by Vehumet.
  9984 | IceCv    | Identified the +9 flail "Sarcophage" {heavy, rF+++ Str-4
                  | Dex+3}
 10134 | IceCv    | Reached skill level 7 in Invocations
 10243 | IceCv    | Reached ***** piety under Vehumet
 10302 | IceCv    | Offered knowledge of Leda's Unmaking by Vehumet.
 10303 | IceCv    | Reached skill level 8 in Dodging
 10470 | IceCv    | Noticed a reaper
 10495 | IceCv    | Learned a level 6 spell: Leda's Unmaking
 10551 | IceCv    | HP: 20/83 [reaper/+1 scythe of freezing (17)]
 10679 | IceCv    | Killed a reaper
 11009 | Lair:1   | Reached skill level 6 in Transmutations
 11032 | Lair:1   | Noticed Urug
 11034 | Lair:1   | Reached skill level 8 in Stealth
 11046 | Lair:1   | Killed Urug
 11047 | Lair:1   | Reached skill level 8 in Earth Magic
 11139 | Lair:1   | Reached XP level 12. HP: 89/89 MP: 16/24
 11182 | Lair:1   | Reached skill level 7 in Fighting
 11182 | Lair:1   | Reached skill level 7 in Short Blades
 11182 | Lair:1   | Reached skill level 7 in Long Blades
 11182 | Lair:1   | Reached skill level 7 in Axes
 11182 | Lair:1   | Reached skill level 7 in Maces & Flails
 11182 | Lair:1   | Reached skill level 7 in Polearms
 11182 | Lair:1   | Reached skill level 7 in Staves
 11182 | Lair:1   | Reached skill level 7 in Ranged Weapons
 11182 | Lair:1   | Reached skill level 7 in Throwing
 11182 | Lair:1   | Reached skill level 7 in Armour
 11182 | Lair:1   | Reached skill level 7 in Shields
 11182 | Lair:1   | Reached skill level 7 in Unarmed Combat
 11182 | Lair:1   | Reached skill level 7 in Evocations
 11540 | Lair:1   | Reached skill level 6 in Conjurations
 11540 | Lair:1   | Reached skill level 6 in Hexes
 11540 | Lair:1   | Reached skill level 6 in Summonings
 11540 | Lair:1   | Reached skill level 6 in Necromancy
 11540 | Lair:1   | Reached skill level 6 in Translocations
 11540 | Lair:1   | Reached skill level 6 in Fire Magic
 11540 | Lair:1   | Reached skill level 6 in Ice Magic
 11540 | Lair:1   | Reached skill level 6 in Air Magic
 11540 | Lair:1   | Reached skill level 6 in Poison Magic
 11540 | Lair:1   | Reached skill level 6 in Shapeshifting
 11834 | Lair:1   | Reached skill level 8 in Invocations
 11992 | D:5      | Bought a potion of curing for 33 gold pieces
 11992 | D:5      | Bought a scroll of teleportation for 33 gold pieces
 12462 | Lair:2   | Reached skill level 9 in Spellcasting
 12652 | Lair:2   | Reached skill level 9 in Dodging
 13070 | Lair:2   | Noticed a skyshark
 13077 | Lair:2   | Killed a skyshark
 13078 | Lair:2   | Reached skill level 9 in Stealth
 13326 | Lair:2   | Reached skill level 7 in Transmutations
 13335 | Lair:2   | Found a staircase to the Snake Pit.
 13558 | Lair:2   | Noticed Gastronok
 13624 | Lair:2   | Reached skill level 8 in Fighting
 13624 | Lair:2   | Reached skill level 8 in Short Blades
 13624 | Lair:2   | Reached skill level 8 in Long Blades
 13624 | Lair:2   | Reached skill level 8 in Axes
 13624 | Lair:2   | Reached skill level 8 in Maces & Flails
 13624 | Lair:2   | Reached skill level 8 in Polearms
 13624 | Lair:2   | Reached skill level 8 in Staves
 13624 | Lair:2   | Reached skill level 8 in Ranged Weapons
 13624 | Lair:2   | Reached skill level 8 in Throwing
 13624 | Lair:2   | Reached skill level 8 in Armour
 13624 | Lair:2   | Reached skill level 8 in Shields
 13624 | Lair:2   | Reached skill level 8 in Unarmed Combat
 13624 | Lair:2   | Reached skill level 8 in Evocations
 13624 | Lair:2   | Reached XP level 13. HP: 77/98 MP: 24/26
 13665 | Lair:2   | Killed Gastronok
 13665 | Lair:2   | Offered knowledge of Iskenderun's Mystic Blast by Vehumet.
 14238 | Lair:3   | Reached skill level 9 in Invocations
 14685 | Lair:3   | Found a staircase to the Swamp.
 14692 | Lair:3   | Reached skill level 7 in Conjurations
 14692 | Lair:3   | Reached skill level 7 in Hexes
 14692 | Lair:3   | Reached skill level 7 in Summonings
 14692 | Lair:3   | Reached skill level 7 in Necromancy
 14692 | Lair:3   | Reached skill level 7 in Translocations
 14692 | Lair:3   | Reached skill level 7 in Fire Magic
 14692 | Lair:3   | Reached skill level 7 in Ice Magic
 14692 | Lair:3   | Reached skill level 7 in Air Magic
 14692 | Lair:3   | Reached skill level 9 in Earth Magic
 14692 | Lair:3   | Reached skill level 7 in Poison Magic
 14692 | Lair:3   | Reached skill level 7 in Shapeshifting
 14826 | Swamp:1  | Entered Level 1 of the Swamp
 15052 | Lair:4   | Learned a level 4 spell: Iskenderun's Mystic Blast
 15086 | Lair:4   | Reached skill level 10 in Spellcasting
 15303 | Lair:4   | Gained mutation: You occasionally lose the ability to read
                  | scrolls when taking damage. [mutagenic glow]
 15448 | Lair:4   | Identified the ring of Varhean {rC+ MP+9}
 15766 | Lair:4   | Reached skill level 10 in Dodging
 16353 | Lair:5   | Entered Level 5 of the Lair of Beasts
 16429 | Lair:5   | Reached skill level 9 in Fighting
 16429 | Lair:5   | Reached skill level 9 in Short Blades
 16429 | Lair:5   | Reached skill level 9 in Long Blades
 16429 | Lair:5   | Reached skill level 9 in Axes
 16429 | Lair:5   | Reached skill level 9 in Maces & Flails
 16429 | Lair:5   | Reached skill level 9 in Polearms
 16429 | Lair:5   | Reached skill level 9 in Staves
 16429 | Lair:5   | Reached skill level 9 in Ranged Weapons
 16429 | Lair:5   | Reached skill level 9 in Throwing
 16429 | Lair:5   | Reached skill level 9 in Armour
 16429 | Lair:5   | Reached skill level 9 in Shields
 16429 | Lair:5   | Reached skill level 9 in Unarmed Combat
 16429 | Lair:5   | Reached skill level 9 in Evocations
 16429 | Lair:5   | Reached XP level 14. HP: 108/108 MP: 28/28
 16445 | Lair:5   | Found a viscous altar of Jiyva.
 16445 | Lair:5   | Found a staircase to the Slime Pits.
 16472 | Lair:5   | Reached skill level 10 in Stealth
 16873 | Lair:5   | Identified the staff of Debt {rElec rF+ rC- Int-5 SInv
                  | Fire}
 16960 | Lair:5   | Reached skill level 10 in Invocations
 17031 | Lair:5   | Reached skill level 8 in Transmutations
 17214 | Lair:5   | Offered knowledge of Starburst by Vehumet.
 18136 | Orc:1    | Entered Level 1 of the Orcish Mines
 18248 | Orc:1    | Noticed an orc warlord
 18272 | Orc:1    | Killed an orc warlord
 18391 | Orc:1    | Found Zolam's Weapon Emporium.
 18546 | Orc:1    | Found Vuniril's Antique Weapon Shoppe.
 18553 | Orc:1    | Found Maydos's Assorted Antiques.
 18887 | Orc:2    | Entered Level 2 of the Orcish Mines
 18903 | Orc:2    | Reached skill level 8 in Conjurations
 18903 | Orc:2    | Reached skill level 8 in Hexes
 18903 | Orc:2    | Reached skill level 8 in Summonings
 18903 | Orc:2    | Reached skill level 8 in Necromancy
 18903 | Orc:2    | Reached skill level 8 in Translocations
 18903 | Orc:2    | Reached skill level 8 in Fire Magic
 18903 | Orc:2    | Reached skill level 8 in Ice Magic
 18903 | Orc:2    | Reached skill level 8 in Air Magic
 18903 | Orc:2    | Reached skill level 8 in Poison Magic
 18903 | Orc:2    | Reached skill level 8 in Shapeshifting
 19045 | Orc:2    | Reached ****** piety under Vehumet
 19045 | Orc:2    | Offered knowledge of Conjure Ball Lightning by Vehumet.
 19070 | Orc:2    | Reached skill level 11 in Spellcasting
 19122 | Orc:2    | Found Xekaos's Magic Scroll Boutique.
 19126 | Orc:2    | Found Muwnigiz's General Store.
 19142 | Orc:2    | Reached skill level 10 in Earth Magic
 19149 | Orc:2    | Reached XP level 15. HP: 93/115 MP: 13/30
 19316 | Orc:2    | Found Suleufuorph's Jewellery Emporium.
 19321 | Orc:2    | Found Vusoes's Antique Armour Shop.
 19367 | Orc:2    | Found a staircase to the Elven Halls.
 19402 | Orc:2    | Reached skill level 11 in Dodging
 19496 | Orc:2    | Reached skill level 10 in Fighting
 19496 | Orc:2    | Reached skill level 10 in Short Blades
 19496 | Orc:2    | Reached skill level 10 in Long Blades
 19496 | Orc:2    | Reached skill level 10 in Axes
 19496 | Orc:2    | Reached skill level 10 in Maces & Flails
 19496 | Orc:2    | Reached skill level 10 in Polearms
 19496 | Orc:2    | Reached skill level 10 in Staves
 19496 | Orc:2    | Reached skill level 10 in Ranged Weapons
 19496 | Orc:2    | Reached skill level 10 in Throwing
 19496 | Orc:2    | Reached skill level 10 in Armour
 19496 | Orc:2    | Reached skill level 10 in Shields
 19496 | Orc:2    | Reached skill level 10 in Unarmed Combat
 19496 | Orc:2    | Reached skill level 10 in Evocations
 20034 | D:10     | Entered Level 10 of the Dungeon
 20166 | D:10     | Reached skill level 11 in Invocations
 20730 | D:11     | Reached skill level 11 in Stealth
 20795 | D:11     | Offered knowledge of Freezing Cloud by Vehumet.
 22135 | D:12     | Reached skill level 9 in Transmutations
 23593 | D:13     | Learned a level 5 spell: Freezing Cloud
 24033 | D:14     | Reached skill level 9 in Conjurations
 24033 | D:14     | Reached skill level 9 in Hexes
 24033 | D:14     | Reached skill level 9 in Summonings
 24033 | D:14     | Reached skill level 9 in Necromancy
 24033 | D:14     | Reached skill level 9 in Translocations
 24033 | D:14     | Reached skill level 9 in Fire Magic
 24033 | D:14     | Reached skill level 9 in Ice Magic
 24033 | D:14     | Reached skill level 9 in Air Magic
 24033 | D:14     | Reached skill level 9 in Poison Magic
 24033 | D:14     | Reached skill level 9 in Shapeshifting
 24382 | D:14     | Reached XP level 16. HP: 123/124 MP: 19/31
 24669 | D:14     | Found a gate to the Vaults.
 24789 | D:15     | Entered Level 15 of the Dungeon
 24803 | D:15     | Offered knowledge of Iskenderun's Battlesphere by Vehumet.
 25121 | D:15     | Identified the +4 hand axe "Yzium" {chaos, rF+ rN+ rCorr
                  | Int+3}
 25124 | D:15     | Found a staircase to the Depths.
 25134 | D:15     | Reached skill level 12 in Spellcasting
 25144 | D:15     | Noticed Agnes
 25161 | D:14     | Killed Agnes
 25328 | D:15     | Reached skill level 11 in Fighting
 25328 | D:15     | Reached skill level 11 in Short Blades
 25328 | D:15     | Reached skill level 11 in Long Blades
 25328 | D:15     | Reached skill level 11 in Axes
 25328 | D:15     | Reached skill level 11 in Maces & Flails
 25328 | D:15     | Reached skill level 11 in Polearms
 25328 | D:15     | Reached skill level 11 in Staves
 25328 | D:15     | Reached skill level 11 in Ranged Weapons
 25328 | D:15     | Reached skill level 11 in Throwing
 25328 | D:15     | Reached skill level 11 in Armour
 25328 | D:15     | Reached skill level 11 in Shields
 25328 | D:15     | Reached skill level 11 in Unarmed Combat
 25328 | D:15     | Reached skill level 11 in Evocations
 25331 | D:15     | Noticed Rupert
 25343 | D:15     | Killed Rupert
 25533 | D:15     | Noticed Louise
 25534 | D:15     | Reached skill level 12 in Invocations
 25843 | D:14     | Upgraded the game from 0.31-a0-329-g52107efa6a to
                  | 0.31-a0-339-gda1cbd555d
 25850 | D:15     | Killed Louise
 25851 | D:15     | Reached skill level 12 in Dodging
 26489 | Swamp:1  | Noticed Nikola
 26521 | Swamp:1  | HP: 28/125 [Nikola/bolt of lightning (14)]
 26522 | Swamp:1  | Killed from afar by Nikola

Illustrated notes

Levels and vault maps discovered:
D:1:      ncdulo_wetmaze, layout_rooms
D:2:      layout_rooms
D:3:      layout_loops_ring, nzn_hepliaklqana_mist_gate,
          mainiacjoe_overflow_small_starburst, mainiacjoe_overflow_swirl,
          basic_ecumenical_altar, minmay_misc_feat_x
D:4:      minmay_chambers_of_twos, layout_basic, nemelex_spade_bored_becter,
          nicolae_qazlal_style_of_elements, minmay_statues_item
D:5:      layout_basic, nicolae_shop_distant_corner_stores, uniq_eustachio
D:6:      layout_loops_cross, nicolae_sif_muna_condensation, uniq_pikel,
          uniq_duvessa, uniq_crazy_yiuf_cottage
D:7:      hellmonk_crumbling_castle, layout_basic,
          minmay_temple_entry_from_below_a, serial_shops,
          nicolae_shop_statue_plus, serial_corexii_hall,
          chequers_hall_statues_wall_a, chequers_hall_statues_corner_a,
          uniq_menkaure
D:8:      gammafunk_indiana_jones, layout_basic
D:9:      layout_basic, erik_orc_3, enter_bailey_2, dk_vineyard_3
D:10:     layout_cross, hangedman_abyss_or_decor_stabs, kennysheep_dice
D:11:     layout_cave_pools
D:12:     layout_roguey
D:13:     layout_stronghold, minmay_fractal_squares_gapless_7
D:14:     layout_rooms, grunt_vaults_entry_fortified, hangedman_glass_teeth
D:15:     gammafunk_depths_entry_grave, layout_rooms, uniq_rupert, uniq_agnes,
          uniq_louise
Temple:   regret_index_temple_generic_petals
Lair:1:   layout_loops_ring, portal_ice_cave_rime, infiniplex_staircase_pool_2,
          uniq_urug
Lair:2:   minmay_lair_venomous_thicket, layout_regular_city,
          guppyfry_snake_entry_island, disabler_island, grunt_megastairs_5,
          lemuel_fruit_tree, infiniplex_staircase_pool, uniq_gastronok
Lair:3:   layout_misc_corridors, nicolae_swamp_entry_spooky
Lair:4:   layout_gridlike, nicolae_lair_lindhole, grunt_megastairs_4,
          lemuel_fruit_fields
Lair:5:   evilmike_catoblepas_cave, layout_cave_shapes, slime_entry_1,
          chequers_serial_rivers_small_3
Swamp:1:  layout_basic_swamp, evilmike_swamp_ruin_house_5, swamp_pool5,
          uniq_nikola
Orc:1:    layout_diamond_mine, serial_shops, nicolae_shop_tiny_real_fake_doors,
          nicolae_shop_advertising_works [nicolae_subvault_shop_adworks], shop
Orc:2:    st_orc_open, layout_diamond_mine, gauntlet_entry_generic, basic_altar,
          nicolae_orc_stony_grotto, mines5_lemuel

Skill      XL: |  1  2  3  4  5  6  7  8  9 10 11 12 13 14 15 16 |
---------------+-------------------------------------------------+-----
Transmutations | 2 3 4 5 6 7 8 9 |  9.6
Spellcasting   | 5 6 7 8 9 10 11 12 | 12.1
Invocations    | 1 2 3 4 5 6 7 8 9 10 11 12 | 12.1
Fighting       | 1 2 3 4 5 6 8 9 10 11 | 11.1
Short Blades   | 1 2 3 4 5 6 8 9 10 11 | 11.1
Long Blades    | 1 2 3 4 5 6 8 9 10 11 | 11.1
Axes           | 1 2 3 4 5 6 8 9 10 11 | 11.1
Maces & Flails | 1 2 3 4 5 6 8 9 10 11 | 11.1
Polearms       | 1 2 3 4 5 6 8 9 10 11 | 11.1
Staves         | 1 2 3 4 5 6 8 9 10 11 | 11.1
Ranged Weapons | 1 2 3 4 5 6 8 9 10 11 | 11.1
Throwing       | 1 2 3 4 5 6 8 9 10 11 | 11.1
Armour         | 1 2 3 4 5 6 8 9 10 11 | 11.1
Shields        | 1 2 3 4 5 6 8 9 10 11 | 11.1
Unarmed Combat | 1 2 3 4 5 6 8 9 10 11 | 11.1
Evocations     | 1 2 3 4 5 6 8 9 10 11 | 11.1
Conjurations   | 1 2 3 4 5 6 7 8 9 |  9.4
Hexes          | 1 2 3 4 5 6 7 8 9 |  9.4
Summonings     | 1 2 3 4 5 6 7 8 9 |  9.4
Necromancy     | 1 2 3 4 5 6 7 8 9 |  9.4
Translocations | 1 2 3 4 5 6 7 8 9 |  9.4
Fire Magic     | 1 2 3 4 5 6 7 8 9 |  9.4
Ice Magic      | 1 2 3 4 5 6 7 8 9 |  9.4
Air Magic      | 1 2 3 4 5 6 7 8 9 |  9.4
Poison Magic   | 1 2 3 4 5 6 7 8 9 |  9.4
Shapeshifting  | 1 2 3 4 5 6 7 8 9 |  9.4
Dodging        | 5 6 7 8 9 10 11 12 | 12.0
Stealth        | 5 6 7 8 9 10 11 | 11.9
Earth Magic    | 6 7 8 9 10 | 10.8

Action                     |  1- 3 |  4- 6 |  7- 9 | 10-12 | 13-15 | 16-18 || total
---------------------------+-------+-------+-------+-------+-------+-------++-------
  Melee: Short sword       |     3 |       |       |       |       |       ||     3
         Staff             |       |       |     3 |    29 |     5 |       ||    37
         Bite              |       |       |       |     9 |       |       ||     9
         Punch             |       |       |       |     1 |       |       ||     1
  Throw: Boomerang         |       |       |     9 |       |       |       ||     9
   Cast: Sandblast         |    43 |    53 |   106 |   509 |   743 |   102 ||  1556
         Shock             |       |       |       |    33 |    27 |     1 ||    61
         Stone Arrow       |       |       |       |    32 |    37 |     3 ||    72
         Blink             |       |       |       |     1 |       |       ||     1
         Irradiate         |       |       |       |     9 |    56 |    25 ||    90
         Airstrike         |       |       |       |    20 |     7 |       ||    27
         Iskenderun's Myst |       |       |       |       |    49 |    18 ||    67
         Leda's Unmaking   |       |       |       |       |    10 |    16 ||    26
         Freezing Cloud    |       |       |       |       |       |     3 ||     3
Ability: Begin Untransform |       |       |       |     1 |       |       ||     1
  Evoke: Wand              |       |       |       |     7 |     1 |     1 ||     9
    Use: Scroll            |       |       |       |    15 |    17 |       ||    32
         Potion            |       |       |       |     1 |       |     2 ||     3
   Stab: Paralysed         |       |       |       |    12 |       |       ||    12
 Armour: Robe              |     2 |     1 |       |       |       |       ||     3
         Leather armour    |       |     3 |    19 |   182 |   240 |    33 ||   477
  Dodge: Dodged            |    10 |    17 |    32 |   390 |   448 |    75 ||   972
  Block: Buckler           |       |       |       |    98 |   322 |    58 ||   478
   Form: Blade             |       |       |       |     1 |       |       ||     1
         Beast             |       |       |       |     1 |       |       ||     1

Table legend: (Time is in decaauts)
 A = Elapsed time spent in this place.
 B = Non-inter-level travel time spent in this place.
 C = Inter-level travel time spent in this place.
 D = Time resting spent in this place.
 E = Time spent auto-exploring this place.
 F = Levels seen in this place.
 G = Mean time per level.
                   A        B        C        D        E       F      G
               +--------+--------+--------+--------+--------+-----+--------+
         Total |  27378 |  24401 |   2977 |    239 |  18847 |  26 | 1053.0 |
       Dungeon |  16097 |  13908 |   2189 |    119 |  11194 |  15 | 1073.1 |
        Temple |      1 |      0 |      1 |      0 |      0 |   1 |    1.0 |
          Lair |   7114 |   6396 |    718 |     38 |   4927 |   5 | 1422.8 |
         Swamp |     88 |     87 |      1 |      0 |     32 |   1 |   88.0 |
  Orcish Mines |   1995 |   1928 |     67 |      0 |   1385 |   2 |  997.5 |
        Bailey |    812 |    812 |      0 |      0 |    556 |   1 |  812.0 |
      Ice Cave |   1269 |   1269 |      0 |     82 |    751 |   1 | 1269.0 |
               +--------+--------+--------+--------+--------+-----+--------+

Top non-repeatable levels by time:
    D:14: 2004 daAuts
  Lair:2: 1729 daAuts
  Lair:5: 1726 daAuts
  Lair:4: 1530 daAuts
     D:6: 1385 daAuts
     D:5: 1370 daAuts
   IceCv: 1269 daAuts
  Lair:1: 1250 daAuts
     D:8: 1247 daAuts
     D:4: 1176 daAuts
     D:7: 1150 daAuts
    D:13: 1138 daAuts
     D:9: 1114 daAuts
   Orc:2: 1078 daAuts
    D:15: 995 daAuts

Levels and vault maps discovered:
D:1:      ncdulo_wetmaze, layout_rooms
D:2:      layout_rooms
D:3:      layout_loops_ring, nzn_hepliaklqana_mist_gate,
          mainiacjoe_overflow_small_starburst, mainiacjoe_overflow_swirl,
          basic_ecumenical_altar, minmay_misc_feat_x
D:4:      minmay_chambers_of_twos, layout_basic, nemelex_spade_bored_becter,
          nicolae_qazlal_style_of_elements, minmay_statues_item
D:5:      layout_basic, nicolae_shop_distant_corner_stores, uniq_eustachio
D:6:      layout_loops_cross, nicolae_sif_muna_condensation, uniq_pikel,
          uniq_duvessa, uniq_crazy_yiuf_cottage
D:7:      hellmonk_crumbling_castle, layout_basic,
          minmay_temple_entry_from_below_a, serial_shops,
          nicolae_shop_statue_plus, serial_corexii_hall,
          chequers_hall_statues_wall_a, chequers_hall_statues_corner_a,
          uniq_menkaure
D:8:      gammafunk_indiana_jones, layout_basic
D:9:      layout_basic, erik_orc_3, enter_bailey_2, dk_vineyard_3
D:10:     layout_cross, hangedman_abyss_or_decor_stabs, kennysheep_dice
D:11:     layout_cave_pools
D:12:     layout_roguey
D:13:     layout_stronghold, minmay_fractal_squares_gapless_7
D:14:     layout_rooms, grunt_vaults_entry_fortified, hangedman_glass_teeth
D:15:     gammafunk_depths_entry_grave, layout_rooms, uniq_rupert, uniq_agnes,
          uniq_louise
Temple:   regret_index_temple_generic_petals
Lair:1:   layout_loops_ring, portal_ice_cave_rime, infiniplex_staircase_pool_2,
          uniq_urug
Lair:2:   minmay_lair_venomous_thicket, layout_regular_city,
          guppyfry_snake_entry_island, disabler_island, grunt_megastairs_5,
          lemuel_fruit_tree, infiniplex_staircase_pool, uniq_gastronok
Lair:3:   layout_misc_corridors, nicolae_swamp_entry_spooky
Lair:4:   layout_gridlike, nicolae_lair_lindhole, grunt_megastairs_4,
          lemuel_fruit_fields
Lair:5:   evilmike_catoblepas_cave, layout_cave_shapes, slime_entry_1,
          chequers_serial_rivers_small_3
Swamp:1:  layout_basic_swamp, evilmike_swamp_ruin_house_5, swamp_pool5,
          uniq_nikola
Orc:1:    layout_diamond_mine, serial_shops, nicolae_shop_tiny_real_fake_doors,
          nicolae_shop_advertising_works [nicolae_subvault_shop_adworks], shop
Orc:2:    st_orc_open, layout_diamond_mine, gauntlet_entry_generic, basic_altar,
          nicolae_orc_stony_grotto, mines5_lemuel

Table legend: (Time is in decaauts)
 A = Elapsed time spent in this place.
 B = Non-inter-level travel time spent in this place.
 C = Inter-level travel time spent in this place.
 D = Time resting spent in this place.
 E = Time spent auto-exploring this place.
 F = Levels seen in this place.
 G = Mean time per level.
                   A        B        C        D        E       F      G
               +--------+--------+--------+--------+--------+-----+--------+
         Total |  27378 |  24401 |   2977 |    239 |  18847 |  26 | 1053.0 |
       Dungeon |  16097 |  13908 |   2189 |    119 |  11194 |  15 | 1073.1 |
        Temple |      1 |      0 |      1 |      0 |      0 |   1 |    1.0 |
          Lair |   7114 |   6396 |    718 |     38 |   4927 |   5 | 1422.8 |
         Swamp |     88 |     87 |      1 |      0 |     32 |   1 |   88.0 |
  Orcish Mines |   1995 |   1928 |     67 |      0 |   1385 |   2 |  997.5 |
        Bailey |    812 |    812 |      0 |      0 |    556 |   1 |  812.0 |
      Ice Cave |   1269 |   1269 |      0 |     82 |    751 |   1 | 1269.0 |
               +--------+--------+--------+--------+--------+-----+--------+

Top non-repeatable levels by time:
    D:14: 2004 daAuts
  Lair:2: 1729 daAuts
  Lair:5: 1726 daAuts
  Lair:4: 1530 daAuts
     D:6: 1385 daAuts
     D:5: 1370 daAuts
   IceCv: 1269 daAuts
  Lair:1: 1250 daAuts
     D:8: 1247 daAuts
     D:4: 1176 daAuts
     D:7: 1150 daAuts
    D:13: 1138 daAuts
     D:9: 1114 daAuts
   Orc:2: 1078 daAuts
    D:15: 995 daAuts

Table legend:
 A = Kills in this place as a percentage of kills in the entire game.
 B = Kills by you in this place as a percentage of kills by you in the entire game.
 C = Kills by friends in this place as a percentage of kills by friends in the entire game.
 D = Other kills in this place as a percentage of other kills in the entire game.
 E = Experience gained in this place as a percentage of experience gained in the entire game.
 F = Experience gained in this place divided by the number of levels of this place that you have seen.
                   A       B       C       D       E      F
               +-------+-------+-------+-------+-------+----------------------
         Total | 100.0 | 100.0 |   N/A |   N/A | 100.0 | 5947.9
       Dungeon |  43.3 |  43.3 |   N/A |   N/A |  45.5 | 4694.2
          Lair |  25.4 |  25.4 |   N/A |   N/A |  34.4 | 10641.6
         Swamp |   0.4 |   0.4 |   N/A |   N/A |   1.1 | 1690.0
  Orcish Mines |  19.3 |  19.3 |   N/A |   N/A |  15.4 | 11881.0
        Bailey |   4.6 |   4.6 |   N/A |   N/A |   1.1 | 1695.0
      Ice Cave |   7.0 |   7.0 |   N/A |   N/A |   2.5 | 3877.0
               +-------+-------+-------+-------+-------+----------------------
